 Dungeon Crawl Stone Soup version 0.29-a0-334-gb41bcbb86e (webtiles) character file.

Game seed: 3241225896243081476

53 zeratav the Insei (level 3, -1/24 HPs)
             Began as an Octopode Transmuter on Apr 14, 2022.
             Slain by a gnoll
             ... wielding a +0 flail
              (11 damage)
             ... on level 2 of the Dungeon.
             The game lasted 00:02:16 (1810 turns).

zeratav the Insei (Octopode Transmuter)             Turns: 1810, Time: 00:02:17

Health: -1/24      AC:  1    Str:  9    XL:     3   Next: 87%
Magic:  5/6        EV: 13    Int: 15    God:
Gold:   91         SH:  0    Dex: 14    Spells: 5/6 levels left

rFire   . . .      SeeInvis .     - Unarmed
rCold   . . .      Faith    .   (no shield)
rNeg    . . .      Spirit   .   (helmet currently unavailable)
rPois   .          Reflect  .   (no amulet)
rElec   .          Harm     .   (no ring)
rCorr   .          Rampage  .   (no ring)
Will    .....                   (no ring)
Stlth   +++.......              (no ring)
HPRegen 0.08/turn               (no ring)
MPRegen 0.10/turn               (no ring)
                                (no ring)
                                (no ring)

@: appendages (expiring)
A: tentacle spike 3, almost no armour, amphibious, 8 rings, camouflage 1,
gelatinous body 1, (nimble swimmer 1), tentacles
a: End Transformation


You were on level 2 of the Dungeon.
One of your tentacles had grown a beastly spike.
You visited 1 branch of the dungeon, and saw 2 of its levels.

You collected 91 gold pieces.


Innate Abilities, Weirdness & Mutations

One of your tentacles has grown a beastly spike.
You cannot wear most types of armour.
You are amphibious.
You can wear up to eight rings at the same time.
Your skin changes colour to match your surroundings (Stealth+).
Your rubbery body absorbs attacks. (AC +1, EV +1)
((You are camouflaged when in or above water. (Stealth+)))
You have tentacles for arms and can constrict up to eight enemies at once.


   Skills:
 + Level 1.7 Fighting
 + Level 2.5 Dodging
 + Level 1.9 Stealth
 * Level 3.7 Unarmed Combat
 - Level 2.0 Spellcasting
 - Level 2.0 Transmutations


You had 5 spell levels left.
You knew the following spells:

 Your Spells              Type           Power      Damage    Failure   Level
a - Beastly Appendage     Tmut           14%        N/A       10%         1

Your spell library contained the following spells:

 Spells                   Type           Power      Damage    Failure   Level
 Wereblood                Tmut           7%         N/A       14%         2
 Sandblast                Erth           2%         2d4       22%         1
 Passwall                 Tmut/Erth      3%         N/A       22%         2
 Spider Form              Tmut/Pois      4%         N/A       41%         3
 Stone Arrow              Conj/Erth      2%         3d7       54%         3
 Ice Form                 Ice/Tmut       4%         N/A       82%         4

Inventory:

Scrolls
 f - a scroll of identify {unknown}
Potions
 a - a potion of lignification {!q}
 b - 3 potions of heal wounds {unknown}
 c - 2 potions of curing {unknown}
 d - a potion of might {unknown}
 e - a potion of degeneration {unknown}

Dungeon Overview and Level Annotations

Branches:
Dungeon (2/15)

Altars:

...# #..........##....#
####'## ...#
########'#.##....# #.#
...###########.#.#######
#.# ...'.........#.#.# #.#
...###...###.#.#.#########
#.#
#.........##...#.#.......#
#.###
#.........######.#.......#
#.#.. #.........#
#.#.......# #.#.#
#.........# #@#.......#
#.#.. #.###'#####
#g'.......# #.... #. ...
#######.......# #.... # ..
..........##### #.... #
##...###..# #.... # #..
#..# ##### #. #. #..# # ..
# #..###### # #.
#.......#######


You could see a gnoll.


Message History

The slug dart hits you.
HP[-4]
You take 4 damage, and now have 12/23 hp.
You tentacle-slap the dart slug. You grab the dart slug.
You constrict the dart slug. You tentacle-slap the dart slug.
You squeeze the dart slug.
You kill the dart slug!
You see here a dart slug corpse.
Your tentacle spike disappears.
Things that are here:
a +0 short sword {short}; a kobold corpse HP[+11] MP[+1]
Your hp is fully restored (23).
Your mp is fully restored (6).
One of your tentacles grows a vicious spike.
MP[-1]
You lost 1 mp, and now have 5/6 mp.
Your transformation is almost over.
There is an open door here.
Your tentacle spike disappears.
You open the door.
A hobgoblin comes into view.
Found a stone staircase leading down.
There is an open door here.
MP[+1]
Your mp is fully restored (6).
One of your tentacles grows a vicious spike.
MP[-1]
You lost 1 mp, and now have 5/6 mp.
Your transformation is almost over.
The hobgoblin shouts!
You barely miss the hobgoblin. You grab the hobgoblin.
You pierce the hobgoblin.
You kill the hobgoblin!
No target in view!
No target in view!
No target in view!
No target in view!
No target in view!
No target in view!
No target in view!
No target in view!
No target in view!
No target in view!
No target in view!
No target in view!
No target in view!
No target in view!
Your tentacle spike disappears.
f - a scroll labelled YGARRO ZEANTOILA MP[+1]
Your mp is fully restored (6).
You open the large door.
There is a large open door here.
There is a large open door here.
You open the door.
There is an open door here.
You open the door.
There is an open door here.
You open the door.
There is an open door here. 2 gnolls come into view.
The gnoll shouts! x2; You hear a shout!
There is an open door here.
This spell is potentially lethal to cast!
Memorise Spider Form, consuming 3 spell levels and leaving 2?
You start memorising the spell.
You continue memorising. x3
The gnoll hits you with a +0 whip.
Your memorisation is interrupted.
HP[-4]
You take 4 damage, and now have 19/23 hp.
Casting: Beastly Appendage (safe; 10% risk of failure)
Confirm with . or Enter, or press ? or * to list all spells.
You don't know that spell.
The gnoll attacks as you move away! The gnoll closely misses you.
Casting: Beastly Appendage (safe; 10% risk of failure)
Confirm with . or Enter, or press ? or * to list all spells.
One of your tentacles grows a vicious spike.
The gnoll hits you with a +0 whip.
HP[-5] MP[-1]
You take 5 damage, and now have 14/23 hp.
MASSIVE DAMAGE!! (PAUSE)
You lost 1 mp, and now have 5/6 mp.
You tentacle-slap the gnoll. You grab the gnoll. You constrict the gnoll.
The gnoll hits you with a +0 whip.
* * * LOW HITPOINT WARNING * * *
HP[-5]
You take 5 damage, and now have 9/23 hp.
MASSIVE DAMAGE!! (PAUSE)
You tentacle-slap the gnoll.
You pierce the gnoll.
You squeeze the gnoll.
You kill the gnoll!
You now have 24 max hp (+1).
The gnoll closely misses you.
You see here a +0 whip {mace}.
HP[+1]
You tentacle-slap the gnoll. You grab the gnoll.
You constrict the gnoll, but do no damage.
The gnoll barely misses you.
You tentacle-slap the gnoll.
You pierce the gnoll, but do no damage.
Your transformation is almost over.
You constrict the gnoll. The gnoll hits you with a +0 flail!
You die...

Skill      XL: |  1  2 |
---------------+-------+-----
Stealth        | 1 |  1.9
Fighting       | |  1.7
Dodging        | |  2.5
Unarmed Combat | |  3.7
Spellcasting   | |  2.0
Transmutations | |  2.0

Action                   || total
-------------------------++-------
Melee: Unarmed           ||    55
       Kick              ||    16
       Constrict         ||    18
       Tentacles         ||    10
 Cast: Beastly Appendage ||    22
 Stab: Sleeping          ||     5
Armor: Skin              ||     4
Dodge: Dodged            ||    33

Levels and vault maps discovered:
D:1:      ncdulo_lavacross, layout_loops_cross, basic_ecumenical_altar,
          solitary_fountain
D:2:      layout_basic

Notes
Turn   | Place    | Note
-------+----------+-------------------------------------------
     0 | D:1      | zeratav the Octopode Transmuter began the quest for the
                  | Orb.
     0 | D:1      | Reached XP level 1. HP: 13/13 MP: 3/3
     0 | D:1      | magus.rc [v1.9.6]
    84 | D:1      | Reached XP level 2. HP: 18/18 MP: 5/5
   124 | D:1      | Reached skill level 1 in Stealth
   154 | D:1      | Found a faded altar of an unknown god.
   280 | D:1      | You pick up a book of Geomancy and begin reading...
   280 | D:1      | You add the spells Sandblast, Passwall and Stone Arrow to
                  | your library.
  1370 | D:2      | Reached XP level 3. HP: 23/23 MP: 4/6
  1810 | D:2      | Slain by a gnoll

Vanquished Creatures
  An adder (D:2)
  A gnoll (D:2)
  2 dart slugs
  3 ball pythons
  5 endoplasms
  4 hobgoblins
  4 kobolds
  2 frilled lizards (D:1)
  3 goblins
  6 rats
31 creatures vanquished.

Table legend:
 A = Non-vault XP
 B = Vault XP
 C = Vault XP percentage of total XP
 D = Non-vault monster count
 E = Vault monster count
 F = Vault count percentage of total count
                 A         B        C        D         E       F
            +---------+---------+-------+---------+---------+-------
      Total |      76 |       0 |   0.0 |      31 |       0 |   0.0
            +---------+---------+-------+---------+---------+-------
        D:1 |      29 |       0 |   0.0 |      18 |       0 |   0.0
        D:2 |      47 |       0 |   0.0 |      13 |       0 |   0.0
            +---------+---------+-------+---------+---------+-------

Illustrated notes

Table legend:
 A = Kills in this place as a percentage of kills in entire the game.
 B = Kills by you in this place as a percentage of kills by you in the entire game.
 C = Kills by friends in this place as a percentage of kills by friends in the entire game.
 D = Other kills in this place as a percentage of other kills in the entire game.
 E = Experience gained in this place as a percentage of experience gained in the entire game.
 F = Experience gained in this place divided by the number of levels of this place that you have seen.
                   A       B       C       D       E      F
               +-------+-------+-------+-------+-------+----------------------
         Total | 100.0 | 100.0 |   N/A |   N/A | 100.0 |  38.0
       Dungeon | 100.0 | 100.0 |   N/A |   N/A | 100.0 |  38.0
               +-------+-------+-------+-------+-------+----------------------

Table legend: (Time is in decaauts)
 A = Elapsed time spent in this place.
 B = Non-inter-level travel time spent in this place.
 C = Inter-level travel time spent in this place.
 D = Time resting spent in this place.
 E = Time spent auto-exploring this place.
 F = Levels seen in this place.
 G = Mean time per level.
                   A        B        C        D        E       F      G
               +--------+--------+--------+--------+--------+-----+--------+
         Total |   1809 |   1707 |    102 |      0 |   1503 |   2 |  904.5 |
       Dungeon |   1809 |   1707 |    102 |      0 |   1503 |   2 |  904.5 |
               +--------+--------+--------+--------+--------+-----+--------+

Top non-repeatable levels by time:
     D:2: 1025 daAuts
     D:1: 783 daAuts
